 Dungeon Crawl Stone Soup version 0.32-a0-630-g46d191b0ed (webtiles) character file.

Game seed: 10595178189767838055

987 ezpacito the Trooper (level 8, 0/62 HPs)
             Began as a Coglin Chaos Knight on Mar 7, 2024.
             Was a Plaything of Xom.
             Slain by an orc
             ... wielding a +0 flail
              (6 damage)
             ... on level 5 of the Dungeon.
             The game lasted 00:05:42 (3993 turns).

ezpacito the Trooper (Coglin Chaos Knight)          Turns: 3993, Time: 00:05:43

Health: 0/62       AC:  5    Str: 14      XL:     8   Next: 18%
Magic:  11/11      EV: 12    Int: 12      God:    Xom [*.....]
Gold:   202        SH:  0    Dex: 12 (14) Spells: 11/11 levels left

rFire   . . .        a - +0 hand axe (chaos) {Fatehjeet}
rCold   . . .        s - staff of the Hugging Visionary {rPois Earth}
rNeg    . . .        b - +2 leather armour
rPois   +            (no helmet)
rElec   .            (no cloak)
rCorr   .            (no gloves)
SInv    .            (no boots)
Will    .....        (amulet unavailable)
Stlth   +            (ring unavailable)
HPRegen 0.30/turn    (ring unavailable)
MPRegen 0.12/turn    (no gizmo)

%: no passive effects
@: silenced, revved
A: off-hand wielding, slow wielding, warmup strikes, no jewellery
a: Invent Gizmo, Renounce Religion


You were on level 5 of the Dungeon.
You worshipped Xom.
You were a special plaything of Xom.
You visited 1 branch of the dungeon, and saw 5 of its levels.

You collected 202 gold pieces.

Inventory:

Hand Weapons
 a - a +0 hand axe of chaos (weapon) {Fatehjeet}
 c - a +2 whip of flaming
 f - a +0 short sword of holy wrath {Somchai}
 r - a +0 spear
Missiles
 m - 5 boomerangs (quivered)
Armour
 b - a +2 leather armour (worn)
Magical Staves
 s - the staff of the Hugging Visionary (offhand) {rPois Earth}
   (Xom gifted it to you on level 4 of the Dungeon)

   [staff of earth]

   Base accuracy: +5 Base damage: 5 Base attack delay: 1.2 This weapon's minimum
   attack delay (0.6) is reached at skill level 12.
   rPois:     It protects you from poison.
   Earth:     It increases the power of your Earth spells.
   It falls into the 'Staves' category.
   It is a one-graspered weapon.
Scrolls
 d - a scroll of enchant weapon {unknown}
 h - a scroll of immolation {unknown}
 j - a scroll of fog
 k - 2 scrolls of poison {unknown}
 l - a scroll of fear {unknown}
 n - a scroll of silence
 o - 2 scrolls of teleportation {unknown}
 p - a scroll of blinking {unknown}
 t - a scroll of amnesia {unknown}
 u - a scroll of butterflies
Potions
 e - 2 potions of mutation
 g - a potion of brilliance
 i - a potion of berserk rage {unknown}


   Skills:
 * Level 5.0 Fighting
 * Level 4.7(5.1) Axes
 + Level 2.4(3.7) Polearms
 * Level 3.8 Armour
 * Level 3.2 Dodging
 + Level 2.1 Stealth
 + Level 2.0 Spellcasting
 + Level 1.2 Evocations


You had 11 spell levels left.
You didn't know any spells.
Your spell library was empty.

Dungeon Overview and Level Annotations

Branches:
Dungeon (5/15)
 Temple: D:4-7

Altars:
Hepliaklqana
Uskayaw
Wu Jian
Yredelemnul

Annotations:
D:4 3 runed translucent doors, hattop's ghost, novice DrFi
D:5 2 runed translucent doors, Dynojp's ghost, amateur TrMo


Innate Abilities, Weirdness & Mutations

You can wield a second weapon in your off-hand.
It takes a long time for you to wield or remove held weapons.
Your first few attacks do less damage.
You cannot equip rings or amulets.


Message History

You barely miss something with the staff of the Hugging Visionary.
The orc priest hits you but does no damage.
Something hits you but does no damage.
The kobold completely misses something.
You closely miss something with your +0 hand axe of chaos.
You hit the orc priest with your +0 hand axe of chaos.
You kill the orc priest!
You hit something but do no damage. Something hits you but does no damage.
You feel your dexterity returning.
You miss something with the staff of the Hugging Visionary.
You completely miss something with your +0 hand axe of chaos.
You hit the orc but do no damage. The orc hits you with a +0 flail!
* * * LOW HITPOINT WARNING * * *
Something hits you but does no damage.
You take 8 damage, and have 17/62 hp.
You hit something with the staff of the Hugging Visionary.
You hit something with your +0 hand axe of chaos.
Nothing appears to happen.
You closely miss the orc with your +0 hand axe of chaos.
The orc hits you with a +0 flail.
* * * LOW HITPOINT WARNING * * *
Something hits you.
* * * LOW HITPOINT WARNING * * *
You take 9 damage, and have 8/62 hp.
Magic scrolls do not work when you're silenced!
You hit something but do no damage.
You hit the orc with your +0 hand axe of chaos.
You closely miss something with the staff of the Hugging Visionary.
The orc closely misses you. Something hits you but does no damage.
The orc misses you. Something hits you.
* * * LOW HITPOINT WARNING * * *
You take 2 damage, and have 6/62 hp.
You miss something with your +0 hand axe of chaos.
You closely miss the orc with your +0 hand axe of chaos.
You closely miss something with the staff of the Hugging Visionary.
Something hits you but does no damage. The orc closely misses you.
You miss something with your +0 hand axe of chaos.
You hit the orc but do no damage.
You closely miss something with the staff of the Hugging Visionary.
The orc hits you with a +0 flail.
You die...

#.#.## #.# #.#.## #.#
.....# #.# #.#..# #.#
#.#..# ####.# #....#
#.###################.##
#...............@{o....>
#################o....?.
.#..... .. .... #++ ##.


KWKK ## K#K#K # .#K#.♣ You could see a kobold brigand, an orc priest, Dynojp's
ghost, an orc and 6 kobolds.

Vanquished Creatures
  Pikel (D:4)
  An ice beast (D:5)
  An ogre (D:5)
  A lemure (D:4)
  A water moccasin zombie (D:4)
  A bombardier beetle (D:3)
  2 hounds (D:4)
  2 orc priests
  A sleepcap (D:4)
  A hound zombie (D:4)
  4 adders
  2 ufetubi (D:5)
  5 dart slugs
  2 ribbon worms
  6 orcs
  4 bats
  4 endoplasms
  A giant cockroach (D:2)
  4 goblins
  5 hobgoblins
  2 jackals (D:1)
  2 quokkas (D:1)
  8 ball pythons
  2 frilled lizards
  8 kobolds
  7 rats
78 creatures vanquished.

Notes
Turn   | Place    | Note
-------+----------+-------------------------------------------
     0 | D:1      | ezpacito the Coglin Chaos Knight began the quest for the
                  | Orb.
     0 | D:1      | Reached XP level 1. HP: 18/18 MP: 1/1
    10 | D:1      | XOM: silly message
    60 | D:1      | Reached skill level 1 in Dodging
    60 | D:1      | Reached XP level 2. HP: 21/24 MP: 2/2
   197 | D:1      | XOM: silly message
   256 | D:1      | Reached XP level 3. HP: 26/29 MP: 3/3
   604 | D:1      | XOM: silly message
   726 | D:2      | Found an ornate altar of the Wu Jian Council.
   977 | D:2      | XOM: 7-stop teleportation journey
  1160 | D:2      | XOM: silly message
  1378 | D:2      | Reached skill level 1 in Polearms
  1651 | D:3      | Reached XP level 4. HP: 28/35 MP: 4/4
  2152 | D:3      | Found a hazy altar of Hepliaklqana.
  2359 | D:4      | Noticed a lemure
  2360 | D:4      | Noticed Pikel
  2360 | D:4      | Noticed a lemure
  2362 | D:4      | Noticed a lemure
  2362 | D:4      | Noticed a lemure
  2376 | D:4      | Killed a lemure
  2379 | D:4      | XOM: enchant monster (good)
  2379 | D:4      | Killed Pikel
  2380 | D:4      | Reached skill level 4 in Fighting
  2380 | D:4      | Reached skill level 1 in Stealth
  2380 | D:4      | Reached skill level 1 in Spellcasting
  2380 | D:4      | Reached XP level 5. HP: 21/43 MP: 5/7
  2380 | D:4      | Reached XP level 6. HP: 24/49 MP: 5/8
  2380 | D:4      | Reached XP level 7. HP: 27/55 MP: 5/9
  2502 | D:4      | Found a runed translucent gate.
  2502 | D:4      | Found a runed translucent gate.
  2502 | D:4      | Found a runed translucent gate.
  2502 | D:4      | Noticed hattop's ghost (novice DrFi)
  2516 | D:4      | XOM: enchant monster (good)
  2693 | D:4      | Identified the staff of the Hugging Visionary {rPois Earth}
                  | (Xom gifted it to you on level 4 of the Dungeon)
  2693 | D:4      | XOM: god gift: staff of the Hugging Visionary {rPois Earth}
  2816 | D:4      | Found a basalt altar of Yredelemnul.
  2857 | D:4      | Found a hide-covered altar of Uskayaw.
  2986 | D:4      | XOM: enchant monster (good)
  3261 | D:4      | XOM: draining
  3366 | D:4      | XOM: summons 2 hostile demons
  3536 | D:4      | XOM: stat loss: -1 Int (11/12)
  3581 | D:5      | Entered Level 5 of the Dungeon
  3625 | D:5      | XOM: smoke on damage
  3628 | D:5      | Reached XP level 8. HP: 26/57 MP: 10/10
  3850 | D:5      | Reached skill level 5 in Fighting
  3850 | D:5      | Reached skill level 1 in Evocations
  3969 | D:5      | Found a runed translucent gate.
  3969 | D:5      | Found a runed translucent gate.
  3969 | D:5      | Noticed Dynojp's ghost (amateur TrMo)
  3993 | D:5      | Slain by an orc

Illustrated notes

Levels and vault maps discovered:
D:1:      minmay_arrival_diagonal_passages, layout_rooms
D:2:      minmay_wonky_spiral, layout_loops_corners, basic_altar,
          nicolae_figureground_sparkle
D:3:      layout_loops_ring, nicolae_hepliaklqana_hippocampus,
          chequers_serial_rivers_room_b
D:4:      layout_gridville, nicolae_yredelemnul_ghost_church,
          nicolae_uskayaw_dance_hall, nicolae_the_louvre, uniq_pikel
D:5:      layout_loops_ring, mainiacjoe_overflow_divided_tiny,
          gammafunk_ghost_nasty_kobolds, serial_co_window_serial,
          co_window_corner_a, co_window_of_opportunity_a, co_window_cross_1,
          co_window_corner_a, co_window_paths_a, co_window_unsneaky_path_a,
          co_window_broadway_c, co_window_unsneaky_path_b, glass_columns_b

Skill      XL: |  1  2  3  4  5  6  7  8 |
---------------+-------------------------+-----
Dodging        | 1 2 3 |  3.2
Armour         | 2 3 |  3.8
Polearms       | 1 2 |  2.4
Fighting       | 4 5 |  5.0
Axes           | 4 |  4.7
Stealth        | 1 2 |  2.1
Spellcasting   | 1 2 |  2.0
Evocations     | 1 |  1.2

Action                     |  1- 3 |  4- 6 |  7- 9 || total
---------------------------+-------+-------+-------++-------
  Melee: Hand axe          |    62 |    36 |   110 ||   208
         Dagger            |     6 |       |       ||     6
         Short sword       |    44 |    35 |    24 ||   103
         Staff             |       |       |    84 ||    84
    Use: Scroll            |     4 |     2 |     3 ||     9
         Potion            |       |       |     2 ||     2
   Stab: Sleeping          |     1 |     1 |     3 ||     5
         Confused          |       |       |     2 ||     2
         Paralysed         |       |       |     2 ||     2
         Petrified         |       |       |     8 ||     8
         Petrifying        |       |       |     1 ||     1
 Armour: Leather armour    |    43 |    28 |   132 ||   203
  Dodge: Dodged            |    34 |    18 |   116 ||   168

Table legend: (Time is in decaauts)
 A = Elapsed time spent in this place.
 B = Non-inter-level travel time spent in this place.
 C = Inter-level travel time spent in this place.
 D = Time resting spent in this place.
 E = Time spent auto-exploring this place.
 F = Levels seen in this place.
 G = Mean time per level.
                   A        B        C        D        E       F      G
               +--------+--------+--------+--------+--------+-----+--------+
         Total |   4010 |   3784 |    226 |      0 |   3073 |   5 |  802.0 |
       Dungeon |   4010 |   3784 |    226 |      0 |   3073 |   5 |  802.0 |
               +--------+--------+--------+--------+--------+-----+--------+

Top non-repeatable levels by time:
     D:4: 1256 daAuts
     D:2: 968 daAuts
     D:3: 726 daAuts
     D:1: 643 daAuts
     D:5: 415 daAuts
